Map: Nightshade LE

Players

ZolraczitrO - Winner!

  • Race: Terran Terran
  • League: Platinum
  • Spawn Location: 11:00

Tunkon

  • Race: Zerg Zerg
  • League: Platinum
  • Spawn Location: 5:00

VOD

Have the link to the VOD?

Description

Time

  • Played on: March 31, 2020, 9:52 p.m.
  • Length: 25:09
Show
View Real Time Build Order
Export as new Build Order

ZolraczitrO Terran - Winner!

Build Orders: 2 Factory, Cyclone Opening, Mech 

Get SALT Encoding   

  12  0:06  SCV  
  13  0:18  SCV  
  14  0:23  Supply Depot  
  14  0:30  SCV  
  15  0:44  SCV  
  15  0:47  Barracks  
  16  0:50  Refinery  
  16  0:53  Refinery  
  16  0:56  SCV  
  17  1:10  SCV  
  18  1:22  SCV  
  19  1:34  SCV  
  19  1:35  Supply Depot, Marine  
  21  1:45  Factory  
  21  1:52  Marine  
  22  2:01  Factory  
  23  2:10  Orbital Command  
  22  2:18  Supply Depot  
  22  2:28  Factory Tech Lab  
  22  2:40  SCV  
  23  2:45  Factory Reactor  
  23  2:48  Cyclone  
  26  2:52  SCV  
  26  2:54  Infernal Pre-Igniter  
  27  3:04  SCV  
  28  3:20  Cyclone  
  28  3:21  Hellion  
  28  3:22  Hellion  
  28  3:24  Supply Depot  
  35  3:42  Supply Depot  
  35  3:43  Hellion  
  35  3:46  Hellion  
  39  3:52  Cyclone  
  42  4:04  Hellion  
  42  4:07  Hellion  
  46  4:13  Mag-Field Accelerator  
  46  4:20  SCV  
  47  4:30  Cyclone  
  50  4:32  SCV  
  51  4:39  Hellion  
  51  4:44  SCV  
  54  4:56  SCV  
  55  5:15  Hellion x2, Cyclone  
  56  6:03  Command Center  
  56  6:05  Command Center  
  56  6:06  Factory  
  56  6:12  Factory Tech Lab  
  56  6:19  Siege Tank  
  59  6:26  Starport  
  62  6:32  Siege Tank  
  62  6:42  Barracks Tech Lab  
  62  6:58  Siege Tank  
  62  7:01  Supply Depot, Factory Tech Lab  
  65  7:02  Supply Depot  
  65  7:14  Siege Tank  
  68  7:19  Orbital Command  
  68  7:27  Orbital Command  
  68  7:38  SCV  
  69  7:50  SCV  
  70  8:01  Engineering Bay  
  70  8:02  SCV x3  
  70  8:03  Engineering Bay  
  73  8:14  SCV x2, Refinery  
  73  8:16  Refinery  
  75  8:23  SCV  
  75  8:26  SCV x2  
  78  8:35  SCV  
  78  8:38  SCV x2  
  81  8:42  Armory x2  
  81  8:43  Siege Tank  
  85  8:48  Orbital Command  
  84  9:02  SCV  
  85  9:03  SCV  
  85  9:07  Missile Turret  
  86  9:14  SCV, Missile Turret, Hi-Sec Auto Tracking, Neosteel Armor  
  86  9:15  SCV  
  86  9:16  SCV  
  89  9:26  SCV  
  89  9:27  SCV  
  89  9:28  Missile Turret  
  91  9:43  Missile Turret  
  91  9:44  Missile Turret  
  91  9:50  Supply Depot x2, Missile Turret  
  91  9:51  Hellbat x2  
  91  9:52  Hellbat  
  97  9:53  Supply Depot, Medivac  
  97  9:55  Medivac  
  101  10:03  SCV x3  
  104  10:09  Refinery  
  104  10:10  Refinery  
  104  10:12  Terran Vehicle Weapons Level 1, Terran Vehicle And Ship Armor Level 1  
  104  10:13  Supply Depot  
  104  10:15  SCV x2  
  104  10:16  SCV  
  104  10:18  Siege Tank  
  110  10:27  SCV x2  
  110  10:28  SCV  
  113  10:34  Supply Depot  
  113  10:35  Supply Depot  
  113  10:37  Supply Depot  
  113  10:38  Supply Depot  
  113  10:39  SCV  
  113  10:40  SCV x2  
  116  10:51  SCV  
  116  10:55  Siege Tank x2  
  116  10:56  Siege Tank  
  126  11:07  Factory  
  86  11:26  Marine  
  86  11:27  Thor  
  86  11:28  Widow Mine x2  
  79  11:49  Thor  
  87  12:02  Factory Tech Lab  
  87  12:04  Factory  
  87  12:07  Thor  
  91  12:10  Thor  
  91  12:12  Liberator x2  
  103  12:25  Command Center  
  103  12:26  Command Center  
  105  12:30  Hellbat  
  105  12:32  Thor  
  111  12:37  Factory  
  102  12:50  Hellbat  
  102  12:51  Hellbat  
  106  12:53  Hellbat  
  90  13:12  Hellbat x2  
  88  13:15  Hellbat x2  
  88  13:17  Command Center  
  79  13:33  Hellbat  
  79  13:34  Terran Vehicle Weapons Level 2, Hellbat, Terran Vehicle And Ship Armor Level 2  
  80  13:36  Hellbat x2  
  80  13:38  Factory Tech Lab  
  84  13:42  Planetary Fortress  
  84  13:43  Orbital Command  
  84  13:51  Refinery x2  
  84  13:52  Medivac x2  
  84  13:54  Hellbat  
  90  13:57  Hellbat, Thor  
  90  13:58  Hellbat  
  100  14:15  SCV  
  100  14:16  SCV  
  102  14:22  Siege Tank  
  105  14:27  SCV  
  105  14:28  SCV  
  105  14:31  Orbital Command  
  107  14:39  SCV  
  107  14:40  SCV, Siege Tank  
  107  14:42  SCV x2  
  114  14:51  SCV  
  114  14:52  SCV  
  116  14:54  SCV x2  
  118  15:03  SCV  
  118  15:04  SCV  
  118  15:05  Fusion Core  
  120  15:10  Thor  
  120  15:12  Thor  
  132  15:23  SCV  
  132  15:24  SCV x4  
  137  15:31  Factory Tech Lab  
  137  15:35  SCV  
  137  15:41  Siege Tank x3  
  147  15:49  SCV  
  148  15:50  SCV x3  
  148  15:53  Siege Tank  
  148  15:54  Advanced Ballistics  
  148  15:55  Hellbat  
  156  16:06  Command Center  
  156  16:13  Hellbat x3  
  160  16:31  Viking x2  
  158  16:50  Terran Vehicle Weapons Level 3  
  158  17:01  Viking x2  
  160  17:31  Viking x2  
  160  17:36  Thor x3  
  160  17:37  Thor  
  188  17:46  Barracks x2  
  188  17:47  Barracks  
  188  18:01  Viking x2  
  192  18:24  Refinery  
  192  18:27  Terran Ship Weapons Level 1  
  192  18:32  Refinery  
  192  18:35  Command Center  
  192  18:36  Command Center, Barracks  
  192  18:38  Barracks  
  192  18:43  Barracks Reactor x3  
  192  18:45  Command Center  
  192  19:07  Weapon Refit  
  192  19:20  Command Center  
  192  19:22  Sensor Tower  
  192  19:33  Siege Tank x2  
  192  19:36  Sensor Tower  
  198  19:40  Starport, Sensor Tower  
  198  19:41  Barracks Tech Lab x2  
  198  19:44  Sensor Tower  
  198  19:47  Starport  
  198  19:49  Terran Vehicle And Ship Armor Level 3  
  193  20:21  Starport  
  171  20:33  Starport Tech Lab x2  
  171  20:38  Siege Tank x6  
  189  20:52  Planetary Fortress  
  189  20:59  Missile Turret  
  189  21:18  Missile Turret  
  189  21:35  Terran Ship Weapons Level 2  
  189  21:38  Missile Turret  
  126  22:11  Thor  
  126  22:12  Thor x5  
  122  22:44  Marine  
  122  22:45  Marine x8  
  125  22:54  Thor x4  
  149  23:02  Marine  
  149  23:03  Command Center, Marine x8  
  158  23:07  Command Center  
  158  23:09  Command Center  
  158  23:20  Marine x6  
  158  23:21  Marine x3  
  158  23:24  Siege Tank x2  
  173  23:37  Siege Tank  
  173  23:38  Marine x9, Siege Tank x3  
  194  23:56  Hellbat, Marine x2  
  194  23:57  Hellbat  
  200  24:09  Hellbat  
  198  24:10  Hellbat  
  184  24:18  Hellbat x2  
Show
View Real Time Build Order
Export as new Build Order

Tunkon Zerg 

Build Orders: Hatch First, Lurkers, Roach Hydra 

Get SALT Encoding   

  12  0:01  Drone  
  13  0:15  Overlord  
  13  0:18  Drone  
  14  0:33  Drone x2  
  16  0:44  Drone  
  17  0:52  Hatchery  
  17  0:55  Drone  
  17  1:05  Drone  
  18  1:14  Extractor  
  17  1:19  Spawning Pool, Drone  
  17  1:22  Drone  
  18  1:34  Drone  
  19  1:41  Drone  
  20  1:52  Overlord  
  20  2:03  Drone  
  21  2:09  Drone  
  21  2:10  Queen x2  
  21  2:15  Metabolic Boost  
  26  2:18  Drone x2  
  28  2:24  Overlord  
  28  2:26  Zergling x2  
  29  2:35  Zergling x2  
  30  2:37  Drone  
  31  2:48  Drone  
  32  2:53  Hatchery  
  32  2:54  Drone  
  32  2:59  Drone x2  
  32  3:02  Queen  
  36  3:26  Lair  
  36  3:28  Zergling x2  
  36  3:29  Zergling x6  
  40  3:39  Overlord x2, Roach Warren  
  40  3:40  Overlord  
  39  3:45  Extractor x2  
  39  3:46  Extractor  
  36  3:57  Overlord x2  
  36  3:58  Drone x2  
  36  3:59  Drone  
  39  4:12  Drone x3  
  42  4:18  Queen x2  
  46  4:27  Drone x4  
  46  4:30  Drone  
  51  4:32  Drone  
  51  4:35  Overlord  
  54  4:38  Roach  
  54  4:51  Roach x3  
  62  4:58  Roach  
  62  4:59  Roach  
  66  5:05  Roach x3  
  68  5:12  Roach x2  
  68  5:13  Roach  
  74  5:20  Roach x2  
  76  5:28  Spine Crawler x2  
  71  5:32  Roach x2  
  71  5:33  Roach x2  
  74  5:38  Roach  
  70  5:47  Zergling x2  
  70  5:48  Zergling x6  
  72  6:16  Drone x3  
  72  6:17  Drone  
  76  6:19  Overlord x2  
  76  6:21  Hatchery  
  75  6:33  Glial Reconstitution  
  75  6:37  Overlord x2  
  75  6:39  Roach x2  
  79  6:44  Queen  
  81  6:50  Roach  
  81  6:51  Roach  
  85  6:56  Hatchery  
  85  6:57  Evolution Chamber, Hydralisk Den  
  82  7:21  Drone x2  
  84  7:24  Zerg Missile Weapons Level 1  
  84  7:25  Drone x2  
  84  7:26  Drone x3  
  84  7:27  Drone  
  90  7:30  Drone  
  90  7:31  Drone x2  
  93  7:42  Drone x3  
  96  7:46  Drone  
  97  7:55  Drone x3  
  97  7:56  Drone x5  
  105  8:05  Infestation Pit  
  105  8:07  Muscular Augments  
  105  8:09  Hydralisk x4  
  112  8:15  Hydralisk x2  
  112  8:18  Drone  
  112  8:19  Drone x3  
  120  8:21  Drone, Extractor  
  120  8:22  Overlord  
  120  8:23  Overlord, Extractor  
  119  8:36  Overlord x2  
  119  8:40  Queen  
  121  8:45  Drone x3  
  121  8:47  Hydralisk  
  121  8:48  Hydralisk x4  
  134  9:02  Hive  
  134  9:06  Evolution Chamber  
  133  9:11  Lurker Den  
  133  9:12  Hydralisk  
  133  9:13  Hydralisk x5  
  144  9:25  Overseer x2  
  144  9:33  Grooved Spines  
  144  9:35  Zerg Missile Weapons Level 2  
  144  9:54  Overlord x5  
  144  10:07  Hydralisk x4  
  144  10:13  Overlord x2  
  144  10:14  Overlord x3  
  152  10:20  Queen  
  116  11:20  Roach, Hydralisk  
  92  11:37  Roach x7, Hydralisk x5  
  92  11:38  Hydralisk x6  
  110  12:03  Roach x4, Hydralisk x5  
  128  12:09  Zerg Ground Armor Level 1  
  128  12:10  Zerg Missile Weapons Level 3  
  128  12:14  Roach x3  
  134  12:33  Roach x3, Hydralisk x7  
  136  12:47  Hatchery  
  135  12:55  Roach, Hydralisk  
  135  12:56  Roach, Hydralisk x10  
  153  13:12  Hydralisk  
  133  13:13  Hydralisk x8  
  113  13:41  Hydralisk  
  113  13:42  Hydralisk x9  
  133  13:51  Seismic Spines  
  133  13:55  Drone  
  134  13:56  Drone x6  
  140  14:04  Zerg Ground Armor Level 2  
  140  14:08  Extractor  
  139  14:11  Extractor  
  138  14:22  Lurker x5  
  143  14:46  Viper x2  
  149  15:39  Extractor  
  149  15:40  Ultralisk Cavern  
  147  15:44  Extractor  
  129  16:56  Ultralisk x4  
  129  16:57  Ultralisk x3  
  171  17:01  Anabolic Synthesis  
  164  17:35  Lurker x3  
  167  17:40  Zergling x2  
  167  17:41  Zergling x48  
  167  17:42  Zergling x2  
  167  17:44  Chitinous Plating  
  193  17:49  Zerg Melee Weapons Level 1  
  193  17:50  Zerg Ground Armor Level 3  
  193  18:09  Adrenal Glands  
  193  18:18  Viper x2  
  193  19:59  Hatchery  
  92  20:24  Ultralisk x9  
  124  20:33  Hydralisk x13  
  124  20:34  Hydralisk x5  
  160  20:56  Zerg Melee Weapons Level 2  
  160  21:02  Viper  
  160  21:03  Viper x2  
  169  21:05  Zergling x2  
  169  21:06  Zergling x14  
  177  21:27  Spire  
  176  21:45  Hydralisk x4  
  176  21:46  Hydralisk x5  
  109  22:13  Ultralisk  
  109  22:14  Ultralisk  
  109  22:15  Zergling x16  
  97  22:16  Zergling x16  
  101  22:33  Hydralisk x6  
  101  22:44  Ultralisk  
  101  22:50  Zergling x2  
  101  22:51  Zergling x16  
  107  23:01  Drone  
  107  23:02  Drone x4  
  111  23:06  Drone x3  
  106  23:20  Drone  
  106  23:21  Drone x2  
  106  23:22  Extractor  
  106  23:23  Drone  
  106  23:24  Drone x4  
  106  23:25  Drone x3, Extractor  
  106  23:26  Extractor  
  114  23:37  Drone  
  114  23:38  Drone x5  
  120  23:54  Ultralisk  
  120  23:55  Ultralisk x2  
  99  24:17  Zergling x2  
  99  24:18  Zergling x28  
  91  24:31  Queen  
  89  24:39  Hydralisk x5  
Tags
 
Add a new tag
Caveats
  • Supply blocks, unpowered buildings, or Contaminate may cause inaccurate times.
  • Supply counts are checked every 10 seconds.